 Dungeon Crawl Stone Soup version 0.29.1-15-g9cfb28693d (webtiles) character file.

Game seed: 2697386051880111172

310 ThatPearl the Conjurer (level 5, -1/38 HPs)
             Began as a Demigod Conjurer on Mar 28, 2023.
             Slain by a kobold
             ... wielding a +0 club
              (4 damage)
             ... on level 4 of the Dungeon.
             The game lasted 00:09:13 (4531 turns).

ThatPearl the Conjurer (Demigod Conjurer)           Turns: 4531, Time: 00:09:14

Health: -1/38      AC:  3    Str:  8    XL:     5   Next: 96%
Magic:  11/11      EV: 12    Int: 24    God:
Gold:   171        SH:  5    Dex: 12    Spells: 2/9 levels left

rFire   . . .      SeeInvis .   e - +0 sling
rCold   . . .      Faith    .   (no shield)
rNeg    . . .      Spirit   .   a - +0 robe
rPois   .          Reflect  +   (no helmet)
rElec   .          Harm     .   (no cloak)
rCorr   .          Rampage  .   (no gloves)
Will    .....                   z - +0 pair of boots
Stlth   ++........              A - amulet of reflection
HPRegen 0.12/turn               (no ring)
MPRegen 0.12/turn               (no ring)

@: no status effects
A: high MP 1, forlorn, divine attributes
a: no special abilities


You were on level 4 of the Dungeon.
You visited 1 branch of the dungeon, and saw 4 of its levels.

You collected 171 gold pieces.

Inventory:

Hand Weapons
 e - a +0 sling (weapon)
 t - a +0 falchion
 y - a +0 dagger of pain
Missiles
 d - 48 stones
 B - a throwing net
Armour
 a - a +0 robe (worn)
 z - a +0 pair of boots (worn)
Magical Staves
 c - a staff of cold
Jewellery
 j - a ring of magical power
 A - an amulet of reflection (around neck)
Wands
 s - a wand of quicksilver (2)
 C - a wand of mindburst (11)
Scrolls
 f - 7 scrolls of identify
 g - a scroll of butterflies {unknown}
 l - a scroll of teleportation {unknown}
 p - a scroll of enchant armour {unknown}
 q - a scroll of noise {unknown}
 v - 2 scrolls of enchant weapon {unknown}
 w - a scroll of blinking {unknown}
Potions
 b - 2 potions of magic
 h - 3 potions of might
 i - a potion of haste {unknown}
 k - 2 potions of heal wounds
 m - a potion of curing {unknown}
 n - a potion of degeneration {unknown}
 o - 2 potions of flight {unknown}
 r - a potion of attraction {unknown}
 u - a potion of invisibility {unknown}
 x - 2 potions of brilliance {unknown}


   Skills:
 + Level 2.8 Dodging
 - Level 1.7 Stealth
 + Level 2.6 Spellcasting
 * Level 6.0 Conjurations


You had 2 spell levels left.
You knew the following spells:

 Your Spells              Type           Power      Damage    Failure   Level
a - Magic Dart            Conj           100%       1d8       1%          1
f - Fulminant Prism       Conj/Hex       8%         3d7       32%         4
s - Searing Ray           Conj           64%        2d6       1%          2

Your spell library contained the following spells:

 Spells                   Type           Power      Damage    Failure   Level
 Static Discharge         Conj/Air       17%        3-6/arc   4%          2
 Blink                    Tloc           6%         N/A       17%         2
 Dazzling Flash           Conj/Hex       34%        N/A       10%         3
 Iskenderun's Mystic Bla  Conj/Tloc      17%        2d5       32%         4
 Lightning Bolt           Conj/Air       8%         1d21      65%         5
 Manifold Assault         Tloc           3%         N/A       97%         5
 Storm Form               Tmut/Air       1%         N/A       100%        7
 Maxwell's Capacitive Co  Air            1%         ∞         100%        8


Dungeon Overview and Level Annotations

Branches:
Dungeon (4/15)
 Temple: D:4-7


Innate Abilities, Weirdness & Mutations

You have an increased reservoir of magic. (+10% MP)
You shall have no god before yourself.
Your divine heritage dramatically boosts your attributes as you level up.


Message History

The ufetubus closely misses you. x2
You climb upwards.
There is a stone staircase leading down here.
Aiming: Magic Dart (safe; 1% risk of failure)
Press: ? - help, Q - select action, (/) - cycle Shift-Dir - straight line, f - ufetubus
Aim: an ufetubus (100% to hit)
The magic dart hits the ufetubus!
You kill the ufetubus!
Unknown command.
You see here a +0 club.
There is a stone staircase leading down here.
Magic restored.
You climb downwards.
You hear the sound of rushing water.
There is an entrance to a sewer on this level.
Hurry and find it before the portal rusts away!
You hear the rusting of a distant drain.
There is a stone staircase leading up here.
There is an open door here. 2 gnolls come into view.
A gnoll is wielding a +2 whip of venom.
The gnoll moves out of view.
The gnoll shouts!
Items here: )) [ †.
You see here a +0 leather armour.
An iguana comes into view.
The orc warrior attacks as you move away!
The orc warrior completely misses you.
The orc warrior attacks as you move away!
The orc warrior hits you with a +0 long sword!
The kobold shouts!
The orc warrior attacks as you move away!
The orc warrior hits you with a +0 long sword!!
Ouch! That really hurt!
* * * LOW HITPOINT WARNING * * *
The kobold hits you but does no damage. The kobold barely misses you.
The orc warrior attacks as you move away!
The orc warrior hits you with a +0 long sword!
* * * LOW HITPOINT WARNING * * *
The kobold hits you with a +0 club.
You die...

########
##......##
#........#
#........#
#........##
#.....@...####
#.....Ko......
#####..##.###.###
#..##+##.g.## #
#..........[#
#........<..#
#...........#
#####..##.#.#
#.##..#...##


You could see an orc warrior, a gnoll and a kobold.

Vanquished Creatures
  An ogre (D:4)
  A hound (D:4)
  Terence (D:2)
  A gnoll (D:4)
  8 adders
  A white imp (D:3)
  An ufetubus (D:3)
  A worm (D:2)
  A dart slug (D:1)
  7 orcs
  4 bats
  4 endoplasms
  2 giant cockroaches
  5 goblins
  8 hobgoblins
  3 jackals (D:2)
  A kobold (D:4)
  5 quokkas
  3 ball pythons
  11 frilled lizards
  7 rats
76 creatures vanquished.

Vanquished Creatures (others)
  A fungus (D:2)
  5 plants
6 creatures vanquished.

Grand Total: 82 creatures vanquished

Notes
Turn   | Place    | Note
-------+----------+-------------------------------------------
     0 | D:1      | ThatPearl the Demigod Conjurer began the quest for the Orb.
     0 | D:1      | Reached XP level 1. HP: 14/14 MP: 5/5
   234 | D:1      | Reached skill level 4 in Conjurations
   361 | D:1      | Reached XP level 2. HP: 19/20 MP: 7/7
  1507 | D:2      | Reached XP level 3. HP: 26/26 MP: 5/8
  1669 | D:2      | Reached skill level 5 in Conjurations
  1982 | D:2      | Learned a level 2 spell: Searing Ray
  2217 | D:2      | Noticed Terence
  2240 | D:2      | Killed Terence
  2241 | D:2      | Reached XP level 4. HP: 6/33 MP: 0/9
  2886 | D:2      | Learned a level 4 spell: Fulminant Prism
  3721 | D:3      | Reached XP level 5. HP: 38/38 MP: 7/11
  4348 | D:4      | Noticed an ogre
  4353 | D:4      | Killed an ogre
  4426 | D:4      | Noticed a hornet
  4432 | D:4      | Reached skill level 6 in Conjurations
  4442 | D:4      | Noticed an orc warrior
  4531 | D:4      | Slain by a kobold

Illustrated notes

Levels and vault maps discovered:
D:1:      sevenhm_arrival_forest_fort_small_6, layout_basic
D:2:      layout_loops_ring, shapermc_ecumenical_altar_petra, minmay_tripent,
          uniq_terence
D:3:      layout_basic, dk_noncrumbling_2, minmay_lizard_king
D:4:      layout_gridville, minmay_temple_entry_statues_pillars,
          portal_sewer_entry_b, minmay_manual_monstrance

Skill      XL: |  1  2  3  4  5 |
---------------+----------------+-----
Conjurations   | 4 5 6 |  6.0
Dodging        | 2 |  2.8
Spellcasting   | 2 |  2.6
Stealth        | |  1.7

Action                   |  1- 3 |  4- 6 || total
-------------------------+-------+-------++-------
 Fire: Sling             |    22 |     5 ||    27
 Cast: Magic Dart        |    63 |    61 ||   124
       Searing Ray       |     1 |     5 ||     6
  Use: Potion            |     1 |       ||     1
       Scroll            |       |     1 ||     1
Armor: Robe              |     2 |     2 ||     4
Dodge: Dodged            |    13 |     7 ||    20
Block: Other             |       |     1 ||     1
